AoeStats
← bone app the teeth

Nomad

510226950Analyzed
3v3 RM · 3d ago on Sep 30, 2026· 51m 20s· 6 players
Game mode
Random Map
Map size
210×210
Population
200
Speed
Normal
Resources
Standard
Victory
Conquest
Starting age
Dark Age
Ending age
Imperial Age
RankedLock teamsTeams togetherTeam positionsShared explorationLock speedFull tech treeHidden civsTurbo modeCheats
Victory
Defeat
🇦🇷 Tatars · Argentina
1205
+9
🇸🇪 Burmese · Sweden
1121
+12
1089
+14
🇺🇸 Italians · United States
1079
-13
🇺🇸 Persians · United States
1077
-13
🇺🇸 Japanese · United States
981
-9
s
3:56 Loom
16:24 Feudal Age
20:29 Castle Age
18:25 Stone Mining
19:50 Gold Mining
24:20 Gold Shaft Mining
25:26 Wheelbarrow
25:45 Horse Collar
36:45 Imperial Age
34:58 Hand Cart
36:55 Town Watch
37:49 Conscription
38:18 Fletching
38:29 Padded Archer Armor
38:58 Elite Arambai
40:03 Bodkin Arrow
41:02 Capped Ram
47:37 Bloodlines
47:28 Husbandry
42 aldeanos fueron a lo del tano
9:09 Loom
13:20 Feudal Age
15:47 Wheelbarrow
17:51 Castle Age
24:08 Double-Bit Axe
27:39 Scale Barding Armor
27:44 Forging
31:17 Imperial Age
28:37 Horse Collar
32:49 Heavy Plow
35:26 Iron Casting
35:11 Chain Barding Armor
36:07 Bow Saw
35:53 Gold Mining
35:53 Stone Mining
36:42 Conscription
36:51 Fletching
37:02 Padded Archer Armor
38:07 Stone Shaft Mining
37:30 Heavy Camel Rider
41:39 Plate Barding Armor
41:47 Gold Shaft Mining
41:38 Treadmill Crane
42:59 Chemistry
42:21 Ballistics
43:46 Bodkin Arrow
44:06 Leather Archer Armor
43:46 Elite Skirmisher
44:53 Thumb Ring
47:10 Bracer
47:40 Ring Archer Armor
47:41 Husbandry
50:23 Redemption
50:13 Atonement
Raya de Merca
8:23 Loom
13:23 Feudal Age
15:13 Town Watch
15:19 Double-Bit Axe
20:47 Castle Age
19:09 Forging
21:16 Gold Mining
24:19 Fletching
26:24 Bow Saw
28:47 Horse Collar
30:06 Wheelbarrow
32:56 Stone Mining
33:42 Gold Shaft Mining
34:35 Bodkin Arrow
36:13 Medium Warships
40:53 Imperial Age
40:28 Careening
40:39 Ballistics
40:30 Clinker Construction
40:02 Treadmill Crane
40:33 Masonry
40:39 Bloodlines
40:30 Husbandry
40:36 Scale Barding Armor
41:09 Hand Cart
40:35 Light Cavalry
42:01 Conscription
41:55 Timurid Siegecraft
41:54 Silk Armor
42:24 Forging
43:22 Padded Archer Armor
42:48 Elite Skirmisher
43:03 Hussar
45:04 Chemistry
45:02 Chain Barding Armor
44:58 Leather Archer Armor
44:46 Bracer
45:02 Leather Archer Armor
44:48 Scale Mail Armor
45:12 Chain Barding Armor
45:41 Heavy Scorpion
46:50 Siege Engineers
48:35 Plate Barding Armor
48:31 Ring Archer Armor
48:35 Heavy Plow
48:16 Capped Ram
51:18 Iron Casting
bone app the teeth
11:31 Loom
14:05 Feudal Age
14:39 Double-Bit Axe
17:34 Fletching
17:52 Scale Barding Armor
19:50 Castle Age
17:57 Horse Collar
18:00 Fishing Lines
19:01 Padded Archer Armor
19:26 Stone Mining
19:44 Gold Mining
21:02 Medium Warships
21:22 Bow Saw
22:50 Gillnets
28:51 Bodkin Arrow
29:11 Leather Archer Armor
30:27 Wheelbarrow
32:34 Ballistics
33:07 Thumb Ring
37:11 Imperial Age
34:27 Town Watch
34:58 Hand Cart
36:38 Silk Road
37:22 Elite Genoese Crossbowman
38:35 Conscription
39:30 Chemistry
38:41 Masonry
38:52 Bracer
40:33 Ring Archer Armor
41:02 Heavy Warships
41:55 Hoardings
41:37 Town Patrol
41:42 Heavy Plow
43:07 Two-Man Saw
45:24 Squires
45:48 Chain Barding Armor
45:38 Forging
46:39 Bloodlines
46:30 Husbandry
45:50 Cavalier
46:16 Elite Skirmisher
48:01 Plate Barding Armor
48:01 Iron Casting
Onea Usix
8:05 Loom
13:51 Feudal Age
16:35 Wheelbarrow
17:52 Bloodlines
17:57 Double-Bit Axe
23:30 Castle Age
22:32 Stone Mining
22:27 Horse Collar
23:15 Scale Barding Armor
23:22 Forging
24:02 Gold Mining
36:18 Husbandry
38:09 Gold Shaft Mining
44:44 Imperial Age
Aluerad
3:22 Loom
13:43 Feudal Age
20:09 Castle Age
17:58 Double-Bit Axe
18:43 Bloodlines
18:52 Scale Barding Armor
18:58 Forging
19:17 Stone Mining
19:28 Fletching
20:46 Gold Mining
21:59 Bodkin Arrow
25:25 Bow Saw
26:32 Horse Collar
27:09 Masonry
28:31 Murder Holes
45:01 Pikeman
45:46 Squires
45:32 Arson
Connection lost

Rejoining the realm…

Still unreachable

The connection could not be restored.

Session expired

The server has moved on; the page needs a fresh start.